 Dungeon Crawl Stone Soup version 0.25.0-11-g1f837a76a1 (webtiles) character file.

Game seed: 8875819621647484534

2030 Esekla the Chopper (level 9, -3/78 HPs)
             Began as a Deep Dwarf Chaos Knight on June 25, 2020.
             Was a Believer of Elyvilon.
             Slain by a basilisk (17 damage)
             ... on level 9 of the Dungeon.
             The game lasted 01:11:29 (7476 turns).

Esekla the Chopper (Deep Dwarf Chaos Knight)        Turns: 7476, Time: 01:11:29

Health: -3/78      AC: 13    Str: 19    XL:     9   Next: 3%
Magic:  5/13       EV: 16    Int: 13    God:    Elyvilon [**....]
Gold:   403        SH:  0    Dex: 14    Spells: 13/14 levels left

rFire    + . .     SeeInvis .   t - -3 spear (curse)
rCold    + + .     Gourm    .   (no shield)
rNeg     . . .     Faith    .   b - +3 leather armour
rPois    +         Spirit   .   (no helmet)
rElec    .         Reflect  .   m - +0 cloak
rCorr    .         Harm     .   h - +0 pair of gloves
MR       +....     Clarity  +   (no boots)
Stlth    ++........             (no amulet)
HPRegen  0.00/turn              y - ring of ice
MPRegen  0.13/turn              s - +4 ring of protection

@: starving, non-regenerating
A: damage resistance, heal wounds, fangs 1, thin skeletal structure 1, blurry
vision 1, clarity, cold resistance 1, fire resistance 2, sense surroundings 2,
poison resistance, wild magic 1, evolution 1, MP-powered wands, no regeneration
a: Heal Wounds, Lesser Healing, Heal Other, Divine Protection, Renounce Religion


You were on level 9 of the Dungeon.
You worshipped Elyvilon.
Elyvilon was pleased with you.
You were starving.

You visited 2 branches of the dungeon, and saw 11 of its levels.
You also visited: Ossuary.

You collected 403 gold pieces.

Inventory:

Hand Weapons
 a - a +0 hand axe of chaos
 i - a +0 rapier
 k - a +1 long sword
 t - a cursed -3 spear (weapon)
 E - a +0 war axe
Missiles
 e - 8 curare-tipped darts
 j - 3 silver boomerangs
 l - 6 boomerangs (quivered)
Armour
 b - a +3 leather armour (worn)
 h - a +0 pair of gloves (worn)
 m - a +0 cloak (worn)
Jewellery
 f - a +6 ring of dexterity
 n - an uncursed ring of protection from magic
 r - an uncursed ring of stealth
 s - a +4 ring of protection (right hand)
 y - a ring of ice (left hand)
 G - an uncursed ring of protection from magic
Wands
 C - a wand of paralysis (6)
Scrolls
 o - 2 scrolls of enchant armour
 p - 3 scrolls of enchant weapon
 z - 2 scrolls of teleportation
 F - a scroll of identify
Potions
 d - 2 potions of mutation
 g - 2 potions of haste
 q - 2 potions of curing
 u - a potion of flight {unknown}
 v - a potion of cancellation {unknown}
 w - 5 potions of heal wounds
 x - 4 potions of berserk rage
 A - a potion of stabbing
 B - 2 potions of brilliance {unknown}
 D - 2 potions of lignification
Comestibles
 c - 5 rations


   Skills:
 + Level 4.1 Fighting
 + Level 0.1 Short Blades
 * Level 7.4 Axes
 + Level 0.1 Throwing
 * Level 5.1 Armour
 * Level 6.8 Dodging
 + Level 2.7 Stealth
 * Level 3.3 Spellcasting
 * Level 2.0 Translocations
 + Level 1.8 Invocations


You had 13 spell levels left.
You knew the following spells:

 Your Spells              Type           Power        Failure   Level  Hunger
a - Apportation           Tloc           #.....       16%         1    #......

Your spell library contained the following spells:

 Spells                   Type           Power        Failure   Level  Hunger
 Animate Skeleton         Necr           N/A          34%         1    #......
 Corona                   Hex            #......      34%         1    #......
 Summon Small Mammal      Summ           #...         34%         1    #......
 Gell's Gravitas          Tloc           #.........   41%         3    ###....
 Confusing Touch          Hex            #.......     67%         3    ###....
 Petrify                  Tmut/Erth      #.......     96%         4    #####..
 Metabolic Englaciation   Hex/Ice        #.........   100%        5    ######.
 Yara's Violent Unravell  Hex/Tmut       #.........   100%        5    ######.


Dungeon Overview and Level Annotations

Branches:
Dungeon (10/15)            Temple (1/1) D:6            Lair (0/6) D:10
Ossuary (visited)
    Orc: D:9-12

Altars:
Ashenzari
Cheibriados
Dithmenos
Elyvilon
Fedhas
Gozag
Hepliaklqana
Kikubaaqudgha
Makhleb
Nemelex Xobeh
Okawaru
Qazlal
Ru
Sif Muna
Trog
Uskayaw
Vehumet
Wu Jian
Xom
Yredelemnul
Zin
The Shining One

Annotations:
D:5 2 runed translucent doors
D:6 Edmund
D:7 Joseph


Innate Abilities, Weirdness & Mutations

You are resistant to damage.
You can heal yourself by infusing magical energy.
You passively map the area around you.
You do not regenerate.
You have very sharp teeth.
You have a somewhat thin skeletal structure. (Dex +2, Stealth)
Scrolls take you a little longer to read.
You possess an exceptional clarity of mind.
Your flesh is cold resistant. (rC+)
Your flesh is very heat resistant. (rF++)
Your system is resistant to poisons. (rPois)
Your spells are a little harder to cast, but a little more powerful.
You evolve.
You expend magic power (3 MP) to strengthen your wands.


Message History

You are healed.
You are near starving!
The crimson imp shouts, "Begone, thou pecksniffian fat-kidneyed vassal!"
The crocodile bites you.
* * * LOW HITPOINT WARNING * * *
The basilisk bites you!
* * * LOW HITPOINT WARNING * * *
You are healed.
You feel somewhat more hungry.
The crocodile bites you but does no damage.
The basilisk closely misses you.
You are healed.
You feel somewhat more hungry.
The crimson imp blinks!
The crocodile bites you!
* * * LOW HITPOINT WARNING * * *
The basilisk bites you.
* * * LOW HITPOINT WARNING * * *
You are healed.
You are starving!
The crocodile barely misses you. The basilisk bites you!!
You die...
Xom snickers!

#.......#
,,,
#.......# ,
#.......#
,, , ,
#.......# ,
,, ,
#.......# *
#.......# *
, ,
#.......# ,
, ####'####
* + #@l.#
###t######
,
#..ยง.....#
#........#
#........##
* ,
#..........
*
#....5...##
,
#........#
, *
#........#
,


You could see a basilisk, a crocodile and a crimson imp.

Vanquished Creatures
  A hungry ghost (D:5)
  A phantom (D:9)
  A wolf (D:5)
  A centaur (D:8)
  A crocodile (D:5)
  4 bullfrogs
  A water moccasin zombie (Ossuary)
  4 scorpions
  6 killer bees (D:9)
  A wight (D:7)
  2 jellies
  4 hounds
  2 centaur skeletons
  2 worker ants
  A killer bee zombie (D:5)
  3 big kobold zombies (Ossuary)
  A hound skeleton (D:8)
  2 mummies (Ossuary)
  A worker ant zombie (D:5)
  4 gnolls (D:8)
  11 adders
  2 oozes
  10 adder zombies (Ossuary)
  2 dart slugs
  6 leopard geckos
  10 orcs
  2 bats
  4 giant cockroaches
  2 gnoll zombies (Ossuary)
  8 goblins
  6 hobgoblins
  5 jackals
  8 kobolds
  5 quokkas
  3 ball pythons
  7 frilled lizards
  7 hobgoblin zombies (Ossuary)
  6 kobold zombies (Ossuary)
  4 rats
151 creatures vanquished.

Vanquished Creatures (collateral kills)
  A crimson imp (D:6)
  A gnoll shaman (D:5)
  2 gnolls (D:5)
  An ooze (D:5)
  An orc (D:6)
6 creatures vanquished.

Vanquished Creatures (others)
  A glowing shapeshifter (D:5)
  A kobold zombie (Ossuary)
  A plant (D:6)
3 creatures vanquished.

Grand Total: 160 creatures vanquished

Notes
Turn   | Place    | Note
-------+----------+-------------------------------------------
     0 | D:1      | Esekla the Deep Dwarf Chaos Knight began the quest for the
                  | Orb.
     0 | D:1      | Reached XP level 1. HP: 20/20 MP: 1/1
    97 | D:1      | XOM: divination: magic mapping
   208 | D:2      | Reached XP level 2. HP: 27/27 MP: 2/2
   339 | D:3      | XOM: divination: detect creatures
   648 | D:4      | Noticed a scorpion
   701 | D:4      | Noticed an ogre
   721 | D:4      | XOM: potion effect (heal wounds)
   735 | D:4      | Reached XP level 3. HP: 23/33 MP: 3/3
   744 | D:4      | Reached skill level 4 in Axes
   753 | D:4      | XOM: scenery: 2 fountains blood, 2 doors close
   806 | D:4      | Killed a scorpion
   806 | D:4      | Reached XP level 4. HP: 14/42 MP: 3/5
   891 | D:4      | Reached skill level 1 in Spellcasting
   897 | D:4      | Noticed a phantom
   924 | D:4      | XOM: polymorph orc -> dart slug
   927 | D:4      | XOM: enchant monster (good)
   939 | D:5      | XOM: noise
   939 | D:5      | Entered Level 5 of the Dungeon
   955 | D:5      | XOM: scenery: create altars
   958 | D:5      | XOM: scenery: create altars
   970 | D:5      | Reached XP level 5. HP: 36/49 MP: 5/5
  1018 | D:5      | XOM: scenery: create altars
  1021 | D:5      | Noticed a wolf
  1021 | D:5      | a worker ant changed into a wolf
  1021 | D:5      | XOM: polymorph worker ant -> wolf
  1027 | D:5      | XOM: confuse monster(s)
  1067 | D:5      | Killed a wolf
  1067 | D:5      | Reached skill level 5 in Axes
  1067 | D:5      | Reached skill level 1 in Stealth
  1067 | D:5      | Reached XP level 6. HP: 22/56 MP: 5/7
  1078 | D:5      | XOM: divination: detect items
  1081 | D:5      | XOM: give mutations
  1081 | D:5      | Gained mutation: You expend magic power (3 MP) to
                  | strengthen your wands. [Xom's grace]
  1081 | D:5      | Gained mutation: You are robust. (+10% HP) [Xom's grace]
  1159 | D:5      | Noticed a water moccasin
  1191 | D:5      | Noticed a sky beast
  1209 | D:5      | XOM: divination: detect items
  1225 | D:5      | a sky beast changed into a crocodile
  1225 | D:5      | XOM: polymorph sky beast -> crocodile
  1260 | D:5      | Noticed a glowing shapeshifter
  1260 | D:5      | a howler monkey changed into a glowing shapeshifter
  1260 | D:5      | Killed a glowing shapeshifter
  1260 | D:5      | XOM: divine lightning
  1296 | D:5      | XOM: snakes to sticks
  1342 | D:5      | Found a runed translucent door.
  1343 | D:5      | Found a runed translucent door.
  1422 | D:5      | Found a sand-covered staircase.
  1431 | Ossuary  | Entered an ossuary
  1446 | Ossuary  | XOM: give mutations
  1446 | Ossuary  | Gained mutation: You have a somewhat thin skeletal
                  | structure. (Dex +2, Stealth) [Xom's grace]
  1446 | Ossuary  | Gained mutation: You possess an exceptional clarity of
                  | mind. [Xom's grace]
  1446 | Ossuary  | Gained mutation: You evolve. [Xom's grace]
  1448 | Ossuary  | Reached skill level 6 in Axes
  1464 | Ossuary  | Reached XP level 7. HP: 33/68 MP: 8/8
  1469 | Ossuary  | XOM: divination: detect creatures
  1577 | Ossuary  | XOM: enchant monster (bad)
  1611 | Ossuary  | XOM: give mutations
  1611 | Ossuary  | Gained mutation: Your flesh is heat resistant. (rF+) [Xom's
                  | grace]
  1611 | Ossuary  | Gained mutation: Your system is resistant to poisons.
                  | (rPois) [Xom's grace]
  1611 | Ossuary  | Gained mutation: Your mind is acute. (Int +2) [Xom's grace]
  2026 | D:6      | Found a shattered altar of Ashenzari.
  2030 | D:6      | Saw a vision of the Swamp and the Snake Pit.
  2030 | D:6      | Noticed a black mamba
  2030 | D:6      | Noticed a mana viper
  2030 | D:6      | Noticed a black mamba
  2030 | D:6      | Noticed a naga warrior
  2030 | D:6      | Noticed a black mamba
  2075 | D:6      | XOM: god gift: runed metal-bound book {god gift}
  2079 | D:6      | Learned a level 1 spell: Apportation
  2182 | D:4      | XOM: 1-stop teleportation journey
  2273 | D:6      | XOM: cast spell 'Summon Horrible Things'
  2283 | D:6      | Found a staircase to the Ecumenical Temple.
  2300 | Temple   | Entered the Ecumenical Temple
  2343 | Temple   | Fell from the grace of Xom
  2343 | Temple   | Became a worshipper of Elyvilon the Healer
  2506 | D:3      | Gained mutation: Your flesh is cold resistant. (rC+)
                  | [evolution]
  2900 | D:1      | Reached * piety under Elyvilon
  3034 | D:1      | XOM: summons 1 hostile shadow creature
  4188 | D:2      | Reached ** piety under Elyvilon
  5153 | D:3      | XOM: give mutations
  5153 | D:3      | Gained mutation: Potions are less effective at restoring
                  | your health. [Xom's mischief]
  5153 | D:3      | Gained mutation: You have very sharp teeth. [Xom's
                  | mischief]
  5153 | D:3      | Lost mutation: You expend magic power (3 MP) to strengthen
                  | your wands. [Xom's mischief]
  5159 | D:3      | Lost mutation: Potions are less effective at restoring your
                  | health. [potion of mutation]
  5159 | D:3      | Lost mutation: You possess an exceptional clarity of mind.
                  | [potion of mutation]
  5159 | D:3      | Lost mutation: Your mind is acute. (Int +2) [potion of
                  | mutation]
  5159 | D:3      | Lost mutation: You are robust. (+10% HP) [potion of
                  | mutation]
  5159 | D:3      | Gained mutation: Scrolls take you a little longer to read.
                  | [potion of mutation]
  5159 | D:3      | Gained mutation: Your spells are a little harder to cast,
                  | but a little more powerful. [potion of mutation]
  5786 | D:5      | XOM: give mutations
  5786 | D:5      | Gained mutation: You possess an exceptional clarity of
                  | mind. [Xom's grace]
  5786 | D:5      | Gained mutation: You expend magic power (3 MP) to
                  | strengthen your wands. [Xom's grace]
  5786 | D:5      | Gained mutation: Your flesh is very heat resistant. (rF++)
                  | [Xom's grace]
  6055 | D:7      | HP: 1/63 [wight/+0 war axe (3)]
  6095 | D:7      | Noticed Joseph
  6144 | D:7      | Noticed a hungry ghost
  6192 | D:7      | Reached XP level 8. HP: 27/72 MP: 10/10
  6276 | D:5      | Reached skill level 7 in Axes
  6276 | D:5      | Reached skill level 1 in Translocations
  6311 | D:6      | Noticed Edmund
  6375 | D:7      | Reached *** piety under Elyvilon
  6449 | D:8      | Found a radiant altar of Vehumet.
  6542 | D:8      | XOM: 2-stop teleportation journey
  6689 | D:8      | Reached skill level 5 in Dodging
  6724 | D:8      | Reached skill level 5 in Armour
  6734 | D:8      | Reached skill level 1 in Invocations
  6784 | D:8      | XOM: cleaving
  6835 | D:8      | XOM: 4-stop teleportation journey
  7042 | D:8      | Found a sacrificial altar of Ru.
  7351 | D:9      | Gained mutation: You passively map the area around you.
                  | [Deep Dwarf growth]
  7351 | D:9      | Reached XP level 9. HP: 27/78 MP: 13/13
  7413 | D:10     | Entered Level 10 of the Dungeon
  7429 | D:10     | Found a staircase to the Lair.
  7452 | D:10     | HP: 1/78 [crocodile (3)]
  7453 | D:10     | Elyvilon protects you from harm!
  7476 | D:9      | Slain by a basilisk

Illustrated notes

Levels and vault maps discovered:
D:1:      wander_arrival_abandoned_jail, layout_basic
D:2:      layout_loops_corners
D:3:      layout_basic, minmay_pentomino_pile
D:4:      layout_loops_ring, first_ration, kennysheep_generic_room_5
D:5:      lemuel_insect_pit, layout_basic, enter_ossuary_3
D:6:      minmay_goblin_kobold_castle, layout_cave_pools, temple_statues,
          grunt_ashenzari_visionary [grunt_ashenzari_visionary_swamp,
          grunt_ashenzari_visionary_snake], uniq_edmund
D:7:      layout_rooms, uniq_crazy_yiuf_cottage, uniq_joseph
D:8:      layout_loops_corners, nicolae_overflow_crystal_walls, basic_altar
D:9:      layout_roguey
D:10:     layout_gridville, david_lair_generic
Temple:   grunt_wide_crystal_templ

Skill      XL: |  1  2  3  4  5  6  7  8 |
---------------+-------------------------+-----
Armour         | 3 4 5 |  5.1
Fighting       | 3 4 |  4.1
Axes           | 4 5 6 7 |  7.4
Spellcasting   | 1 2 3 |  3.3
Dodging        | 2 3 4 6 |  6.8
Stealth        | 1 2 |  2.7
Translocations | 2 |  2.0
Invocations    | 1 |  1.8
Short Blades   | |  0.1
Throwing       | |  0.1

Action                   |  1- 3 |  4- 6 |  7- 9 || total
-------------------------+-------+-------+-------++-------
Melee: Hand axe          |    65 |   102 |   151 ||   318
       Rapier            |       |     1 |     2 ||     3
       Spear             |       |       |  1048 ||  1048
       Bite              |       |       |    85 ||    85
Throw: Boomerang         |       |       |    12 ||    12
 Cast: Apportation       |       |       |     5 ||     5
Invok: Lesser Healing    |       |       |    72 ||    72
 Abil: Heal Wounds       |       |     2 |     3 ||     5
  Use: Scroll            |       |       |    19 ||    19
       Potion            |       |       |     2 ||     2
 Stab: Confused          |     1 |     1 |       ||     2
       Petrifying        |     1 |       |     2 ||     3
       Sleeping          |       |     3 |     9 ||    12
       Paralysed         |       |     5 |     1 ||     6
       Fleeing           |       |       |     2 ||     2
       Petrified         |       |       |     2 ||     2
  Eat: Chunk             |       |     1 |    22 ||    23
       Ration            |       |       |     9 ||     9
Armor: Leather armour    |    18 |    31 |   433 ||   482
       Skin              |       |       |    28 ||    28
Dodge: Dodged            |    25 |    51 |   902 ||   978
